Map: Battle on the Boardwalk LE

Players

Harstem

  • Race: Protoss Protoss
  • League: Master
  • Spawn Location: 11:00

AxImpact (Impact) - Winner!

  • Race: Zerg Zerg
  • League: Diamond
  • Spawn Location: 1:00

Event: HomeStory Cup XVI

VOD

Have the link to the VOD?

Description

Time

  • Played on: Nov. 11, 2017, 6:06 p.m.
  • Length: 15:11

All games in this series

Show
View Real Time Build Order
Export as new Build Order

Harstem Protoss 

Build Orders: 1 Gate Expand, Oracle Opening, Phoenix Opening 

Get SALT Encoding   

  1  0:00  Probe (Chrono Boost)  
  12  0:04  Probe (Chrono Boost)  
  14  0:17  Pylon  
  14  0:23  Probe (Chrono Boost)  
  16  0:36  Gateway  
  16  0:37  Probe (Chrono Boost)  
  16  0:45  Assimilator  
  16  0:49  Probe (Chrono Boost)  
  17  0:59  Probe (Chrono Boost)  
  18  1:05  Probe (Chrono Boost)  
  19  1:17  Probe (Chrono Boost)  
  20  1:24  Nexus  
  20  1:33  Cybernetics Core  
  21  1:40  Probe (Chrono Boost)  
  21  1:44  Assimilator  
  21  1:52  Probe (Chrono Boost), Pylon  
  22  2:03  Probe (Chrono Boost)  
  23  2:09  Probe (Chrono Boost)  
  23  2:10  Adept  
  26  2:18  Probe (Chrono Boost)  
  26  2:19  Stargate  
  27  2:28  Warp Gate  
  28  2:30  Probe (Chrono Boost)  
  28  2:40  Stalker  
  28  2:42  Probe (Chrono Boost)  
  31  2:46  Probe (Chrono Boost)  
  32  2:54  Oracle  
  32  2:55  Probe (Chrono Boost)  
  32  2:57  Pylon  
  32  2:58  Probe (Chrono Boost)  
  37  3:07  Probe (Chrono Boost)  
  37  3:10  Probe (Chrono Boost)  
  39  3:17  Adept, Shield Battery  
  39  3:19  Probe (Chrono Boost)  
  42  3:22  Probe (Chrono Boost)  
  43  3:29  Pylon  
  43  3:31  Probe (Chrono Boost)  
  43  3:32  Gateway  
  44  3:35  Gateway  
  44  3:38  Phoenix  
  44  3:48  Shield Battery, Probe (Chrono Boost)  
  45  3:52  Shield Battery  
  45  3:53  Probe (Chrono Boost)  
  45  4:00  Probe (Chrono Boost)  
  46  4:05  Probe (Chrono Boost)  
  46  4:06  Adept  
  49  4:11  Assimilator  
  49  4:12  Probe (Chrono Boost)  
  49  4:13  Assimilator  
  51  4:18  Probe (Chrono Boost)  
  51  4:22  Pylon  
  52  4:24  Probe (Chrono Boost)  
  52  4:30  Probe (Chrono Boost)  
  53  4:36  Probe (Chrono Boost)  
  54  4:43  Forge  
  55  4:48  Probe (Chrono Boost)  
  55  4:49  Sentry  
  55  4:50  Sentry  
  55  4:51  Twilight Council  
  59  4:56  Nexus  
  59  4:57  Probe (Chrono Boost), Sentry  
  62  5:10  Probe (Chrono Boost)  
  62  5:12  Probe (Chrono Boost)  
  62  5:13  Gateway, Protoss Ground Weapons Level 1  
  64  5:16  Pylon  
  64  5:20  Sentry  
  64  5:21  Gateway  
  66  5:23  Pylon  
  66  5:28  Probe (Chrono Boost)  
  66  5:30  Probe (Chrono Boost)  
  66  5:31  Blink  
  66  5:34  Probe (Chrono Boost)  
  68  5:36  Pylon  
  70  5:43  Probe (Chrono Boost)  
  70  5:45  Sentry x2  
  70  5:47  Gateway  
  70  5:49  Gateway, Probe (Chrono Boost)  
  75  5:55  Probe (Chrono Boost)  
  76  5:57  Robotics Facility  
  76  6:01  Probe (Chrono Boost)  
  76  6:03  Stalker  
  79  6:07  Probe (Chrono Boost)  
  81  6:12  Stalker  
  81  6:17  Shield Battery  
  82  6:19  Stalker x3  
  89  6:26  Photon Cannon  
  89  6:27  Probe (Chrono Boost)  
  89  6:30  Probe (Chrono Boost)  
  89  6:31  Assimilator  
  89  6:32  Probe (Chrono Boost)  
  91  6:36  Assimilator  
  91  6:39  Probe (Chrono Boost)  
  92  6:42  Probe (Chrono Boost)  
  93  6:48  Robotics Bay  
  93  6:50  Stalker x2  
  93  6:52  Robotics Facility  
  98  6:55  Probe (Chrono Boost)  
  98  6:59  Pylon  
  98  7:01  Protoss Ground Weapons Level 2, Shield Battery  
  96  7:02  Observer  
  96  7:06  Pylon  
  97  7:09  Warp Prism  
  97  7:16  Nexus  
  97  7:18  Pylon  
  99  7:23  Probe x2 (Chrono Boost)  
  99  7:26  Probe (Chrono Boost)  
  102  7:32  Charge, Disruptor  
  102  7:35  Photon Cannon  
  102  7:36  Pylon  
  102  7:40  Stalker x2  
  106  7:46  Disruptor  
  106  7:47  Stalker  
  106  7:50  Stalker  
  113  7:58  Disruptor, Pylon  
  114  8:09  Stalker x5  
  114  8:11  Shield Battery  
  127  8:16  Pylon  
  127  8:17  Disruptor  
  127  8:27  Gateway  
  127  8:32  Gateway  
  127  8:34  Disruptor  
  130  8:35  Zealot x3  
  132  8:56  Stalker  
  132  8:57  Stalker x4  
  127  9:17  Stalker x2  
  127  9:18  Disruptor x2  
  127  9:20  Zealot x5  
  114  9:43  Disruptor  
  114  9:44  Observer  
  102  9:45  Stalker x3  
  102  9:46  Stalker x4  
  102  9:51  Oracle  
  114  9:55  Disruptor  
  118  10:05  Nexus  
  124  10:08  Pylon  
  124  10:10  Zealot x4  
  132  10:19  Observer  
  133  10:21  Dark Shrine  
  133  10:26  Zealot x4  
  125  10:45  Disruptor  
  125  10:46  Zealot x2  
  125  10:47  Zealot x3  
  130  11:02  Zealot x4  
  134  11:08  Sentry x4  
  134  11:10  Pylon  
  134  11:11  Pylon  
  128  11:24  Zealot x3  
  124  11:36  Disruptor  
  127  11:44  Zealot x4, Dark Templar x2  
  127  11:45  Dark Templar  
  123  12:08  Disruptor  
  119  12:15  Disruptor  
  119  12:21  Stalker x3, Sentry x2  
  119  12:22  Stalker  
  135  12:33  Nexus, Protoss Ground Weapons Level 3  
  135  12:36  Disruptor  
  135  12:50  Observer  
  136  12:59  Zealot x4  
  136  13:04  Disruptor  
  137  13:14  Stalker x4, Sentry  
  137  13:18  Pylon  
  135  13:38  Stalker x3  
  135  13:39  Stalker x2  
  132  13:53  Stalker x3  
  129  14:08  Disruptor  
  132  14:14  Dark Templar x2  
  132  14:15  Dark Templar  
  138  14:20  Archon  
  138  14:29  Dark Templar x3  
  144  14:32  Observer  
  144  14:33  Archon  
  144  14:35  Archon  
  125  14:51  Zealot  
  125  14:52  Zealot x3  
  110  14:59  Stalker x2  
Show
View Real Time Build Order
Export as new Build Order

AxImpact Zerg - Winner!

Build Orders: Hatch First, Lurkers 

Get SALT Encoding   

  12  0:00  Drone  
  13  0:12  Overlord  
  13  0:17  Drone  
  14  0:30  Drone x2  
  14  0:34  Drone  
  17  0:51  Hatchery  
  17  0:54  Drone  
  17  0:58  Drone  
  18  1:09  Extractor  
  17  1:12  Spawning Pool  
  17  1:15  Drone  
  17  1:21  Drone  
  18  1:30  Drone  
  19  1:39  Drone  
  20  1:49  Drone  
  21  2:00  Overlord  
  21  2:02  Queen x2  
  21  2:03  Zergling x2  
  26  2:10  Metabolic Boost  
  26  2:15  Drone x2  
  28  2:23  Drone  
  28  2:29  Drone  
  30  2:33  Hatchery  
  29  2:40  Evolution Chamber  
  29  2:43  Zergling x4  
  30  2:44  Zergling x2  
  31  2:56  Zergling x4  
  33  2:58  Zergling x2  
  33  3:04  Zergling x2  
  35  3:08  Zergling x2  
  35  3:12  Overlord  
  36  3:13  Overlord  
  36  3:30  Drone  
  37  3:34  Drone x2  
  37  3:35  Drone x2  
  37  3:39  Spore Crawler x2  
  39  3:45  Drone  
  39  3:46  Drone x2  
  39  3:47  Drone  
  39  3:48  Drone x2  
  41  3:53  Drone  
  41  3:54  Queen  
  41  3:55  Drone  
  46  3:57  Drone  
  46  4:01  Drone  
  46  4:02  Overlord  
  47  4:08  Spore Crawler  
  45  4:12  Drone  
  45  4:13  Drone x2  
  48  4:18  Drone  
  48  4:20  Lair  
  48  4:22  Drone  
  50  4:25  Drone x2  
  50  4:28  Drone  
  50  4:30  Drone x2  
  55  4:34  Drone  
  55  4:36  Drone  
  55  4:37  Drone  
  57  4:40  Extractor x2  
  57  4:43  Roach Warren, Drone x2  
  56  4:47  Overlord  
  56  4:49  Overlord  
  56  4:52  Zerg Missile Weapons Level 1  
  56  4:56  Drone  
  56  5:04  Drone  
  57  5:07  Drone x9  
  57  5:10  Extractor  
  57  5:12  Drone, Zergling x2  
  65  5:22  Overlord x2  
  66  5:28  Drone  
  66  5:29  Extractor, Drone x5  
  66  5:31  Roach, Glial Reconstitution  
  66  5:34  Overlord x2  
  72  5:36  Overseer  
  72  5:41  Roach  
  72  5:42  Roach x3  
  80  5:44  Drone  
  80  5:45  Roach  
  80  5:49  Extractor  
  82  5:51  Hydralisk Den  
  82  5:52  Drone  
  82  5:53  Drone x3  
  82  5:55  Roach  
  87  5:57  Roach  
  87  5:59  Roach  
  87  6:00  Drone  
  87  6:01  Roach  
  94  6:04  Roach  
  94  6:07  Roach  
  94  6:08  Ravager  
  94  6:10  Zergling x2  
  100  6:14  Zergling x6  
  100  6:15  Zergling x2  
  100  6:18  Ravager  
  105  6:23  Overlord  
  105  6:24  Overlord, Lurker Den  
  105  6:25  Hatchery  
  102  6:29  Roach  
  102  6:30  Roach  
  102  6:32  Overlord  
  105  6:33  Overlord  
  105  6:40  Muscular Augments  
  105  6:42  Zergling x10  
  105  6:43  Ravager  
  105  6:44  Roach  
  113  6:48  Roach x2  
  113  6:49  Zergling x2  
  113  6:50  Zergling x2  
  113  6:52  Roach  
  120  6:57  Drone x2  
  122  7:03  Hydralisk x3  
  122  7:06  Hydralisk x2, Overseer  
  131  7:11  Overlord x2  
  131  7:14  Overlord  
  131  7:16  Overlord  
  131  7:26  Overlord x3  
  131  7:29  Hydralisk  
  131  7:30  Hydralisk x2  
  131  7:32  Hydralisk  
  131  7:35  Hydralisk  
  131  7:36  Hydralisk  
  142  7:37  Ravager x2  
  142  7:38  Ravager  
  142  7:41  Hydralisk  
  142  7:42  Zergling x2  
  150  7:44  Roach x2  
  150  7:46  Hydralisk  
  150  7:48  Hydralisk  
  155  7:51  Hydralisk  
  155  7:56  Hydralisk  
  159  7:59  Hydralisk x2  
  159  8:03  Drone x2  
  159  8:04  Drone x3  
  168  8:06  Drone  
  168  8:07  Drone x2  
  168  8:11  Zerg Missile Weapons Level 2  
  171  8:19  Extractor  
  169  8:22  Hydralisk x4  
  169  8:25  Drone x3  
  180  8:27  Spine Crawler, Zergling x2  
  180  8:29  Zergling x2  
  180  8:30  Zergling x2  
  180  8:31  Zergling x2  
  180  8:32  Zergling x2  
  184  8:37  Zergling x4  
  184  8:38  Zergling x6  
  184  8:40  Zergling x4  
  189  8:41  Hydralisk  
  189  8:47  Zergling x2  
  190  8:48  Lurker  
  190  8:49  Lurker x2  
  190  8:52  Zergling x2  
  190  8:54  Hydralisk  
  190  8:55  Zergling x6  
  185  8:59  Hydralisk  
  184  9:02  Hydralisk  
  184  9:03  Zergling x2  
  184  9:06  Hydralisk  
  184  9:07  Zergling x2  
  184  9:08  Hydralisk  
  184  9:09  Zergling x2  
  177  9:11  Roach  
  177  9:12  Roach x2  
  177  9:13  Roach  
  177  9:15  Roach  
  170  9:17  Roach  
  170  9:18  Roach  
  170  9:20  Lurker  
  170  9:24  Roach x2  
  169  9:27  Roach  
  169  9:31  Roach  
  164  9:34  Roach, Hydralisk x4  
  170  9:42  Hydralisk  
  170  9:45  Hydralisk  
  157  9:46  Zergling x2  
  157  9:48  Hydralisk  
  157  9:51  Hydralisk  
  164  9:55  Hydralisk  
  164  9:58  Hydralisk x2  
  167  10:01  Hydralisk  
  169  10:07  Hydralisk  
  169  10:08  Zergling x8  
  169  10:11  Roach, Hatchery  
  176  10:14  Roach  
  181  10:21  Roach x2  
  181  10:22  Overlord x2, Hatchery  
  182  10:29  Overlord x2  
  182  10:31  Overlord  
  182  10:34  Overlord  
  182  10:42  Roach x4  
  186  10:43  Roach x5  
  186  10:44  Hydralisk  
  186  10:47  Hydralisk  
  194  10:50  Lurker x2  
  194  10:52  Lurker x2  
  194  10:55  Lurker  
  194  10:56  Hydralisk, Zergling x2  
  200  11:01  Hydralisk  
  196  11:04  Hydralisk  
  196  11:05  Zergling x4  
  196  11:09  Infestation Pit  
  194  11:11  Drone  
  194  11:12  Drone  
  194  11:14  Drone  
  194  11:17  Hydralisk, Zergling x2  
  193  11:20  Hydralisk  
  193  11:21  Hydralisk, Zergling x4  
  193  11:22  Zergling x2  
  193  11:24  Zergling x2  
  164  11:25  Hydralisk  
  164  11:30  Hydralisk  
  164  11:31  Zergling x2  
  170  11:32  Zergling x2  
  170  11:35  Hydralisk  
  170  11:36  Zergling x2  
  170  11:38  Hydralisk  
  170  11:39  Zergling x2  
  162  11:42  Roach  
  162  11:45  Roach  
  162  11:46  Roach  
  161  11:50  Roach  
  161  11:51  Roach  
  161  11:53  Roach  
  155  11:56  Roach x2  
  155  12:00  Drone x4  
  147  12:01  Overseer  
  147  12:05  Roach x2  
  148  12:10  Roach  
  148  12:15  Roach x3  
  156  12:21  Roach x3  
  160  12:24  Hydralisk  
  160  12:27  Lurker x3  
  165  12:30  Pneumatized Carapace, Overseer  
  165  12:31  Overseer  
  165  12:33  Hydralisk  
  165  12:36  Drone  
  169  12:37  Drone x2  
  169  12:38  Drone  
  169  12:39  Drone  
  169  12:40  Drone  
  169  12:42  Lurker  
  173  12:45  Lurker x2  
  173  12:47  Drone x2  
  173  12:48  Drone  
  173  12:50  Zergling x2  
  173  12:51  Zergling x2  
  177  12:53  Hydralisk  
  177  12:54  Zergling x2  
  177  12:56  Hydralisk  
  181  13:00  Hydralisk  
  181  13:01  Zergling x2  
  181  13:04  Hydralisk  
  181  13:05  Zergling x2  
  187  13:11  Zergling x2  
  187  13:12  Zergling x12  
  194  13:16  Hydralisk  
  194  13:17  Zergling x6  
  194  13:19  Drone  
  200  13:20  Spore Crawler  
  200  13:23  Drone  
  194  13:27  Drone  
  194  13:28  Zergling x2  
  184  13:34  Zergling x2  
  184  13:35  Zergling x6  
  184  13:37  Hydralisk, Zergling x6  
  184  13:40  Hydralisk, Zergling x2  
  184  13:41  Zergling x2  
  194  13:45  Hydralisk, Zergling x2  
  194  13:46  Zergling x4  
  178  13:49  Hydralisk  
  178  13:50  Zergling x4  
  178  13:53  Hydralisk  
  173  13:57  Hydralisk x2  
  173  14:01  Hydralisk x2  
  173  14:02  Overseer  
  180  14:03  Overseer  
  180  14:05  Overseer  
  180  14:06  Overseer  
  180  14:07  Lurker  
  180  14:08  Lurker  
  180  14:09  Lurker, Hydralisk  
  180  14:13  Lurker  
  180  14:14  Zergling x6  
  186  14:17  Zergling x6  
  186  14:20  Hydralisk  
  186  14:21  Zergling x4  
  193  14:24  Hydralisk  
  193  14:27  Ravager, Zergling x2  
  193  14:29  Zergling x2  
  198  14:32  Lurker  
  198  14:35  Zergling x2  
  199  14:43  Hydralisk  
  199  14:44  Zergling x4  
  199  14:45  Hydralisk, Zergling x2  
  181  14:46  Hydralisk, Zergling x2  
  181  14:47  Zergling x8  
  181  14:50  Zergling x2  
Tags
 
Add a new tag
Caveats
  • Supply blocks, unpowered buildings, or Contaminate may cause inaccurate times.
  • Supply counts are checked every 10 seconds.